3R
MAINE SEA DOGS @ NORTHWEST TERRITORY BEAVERS
07/01/2041
 
TOP OF THE 1ST
Maine Sea Dogs batting - Pitching for Northwest Territory Beavers : LHP Jason Reynolds
Pitching: LHP Jason Reynolds
Batting: RHB Jesús Bonilla 0-0: Swinging Strike
0-1: Ball
1-1: Foul Ball, location: 2F
1-2: Ground out 6-3 (Groundball, 6, EV 80.0 MPH)
Batting: RHB Michael Weber 0-0: Ball
1-0: Ground out 4-3 (Groundball, 4D, EV 104.4 MPH)
Batting: LHB Amani Marwan 0-0: Ball
1-0: Ball
2-0: Swinging Strike
2-1: Called Strike
2-2: Ball
3-2: Foul Ball, location: 2F
3-2: Foul Ball, location: 2F
3-2: Strikes out swinging
Top of the 1st over - 0 runs, 0 hits, 0 errors, 0 left on base; Maine 0 - Northwest Territory 0
BOTTOM OF THE 1ST
Northwest Territory Beavers batting - Pitching for Maine Sea Dogs : RHP Cole Howard
Pitching: RHP Cole Howard
Batting: SHB Héctor Solís 0-0: Called Strike
0-1: Foul Ball, location: 2F
0-2: Strikes out swinging
Batting: RHB Jeffrey Turner 0-0: Ball
1-0: Ball
2-0: Foul Ball, location: 2F
2-1: Fly out, F4 (Line Drive, 4, EV 60.0 MPH)
Batting: LHB Mies Lumme 0-0: Fly out, F7 (Flyball, 7, EV 85.6 MPH)
Bottom of the 1st over - 0 runs, 0 hits, 0 errors, 0 left on base; Maine 0 - Northwest Territory 0
TOP OF THE 2ND
Maine Sea Dogs batting - Pitching for Northwest Territory Beavers : LHP Jason Reynolds
Batting: RHB Michael Lindsey 0-0: Called Strike
0-1: Foul Ball, location: 2F
0-2: Foul Ball, location: 2F
0-2: Foul Ball, location: 2F
0-2: Strikes out looking
Batting: SHB George McMahon 0-0: Called Strike
0-1: Called Strike
0-2: Ball
1-2: Foul Ball, location: 2F
1-2: Strikes out swinging
Batting: RHB Max Brown 0-0: Swinging Strike
0-1: Hit by Pitch
Batting: LHB Juan Sapinoso 0-0: Called Strike
0-1: Ball
1-1: Ball
2-1: Ball
3-1: Base on Balls
Max Brown to second
Batting: RHB Ernest Bonner 0-0: Called Strike
0-1: Ball
1-1: Called Strike
1-2: Strikes out swinging
Top of the 2nd over - 0 runs, 0 hits, 0 errors, 2 left on base; Maine 0 - Northwest Territory 0
BOTTOM OF THE 2ND
Northwest Territory Beavers batting - Pitching for Maine Sea Dogs : RHP Cole Howard
Batting: LHB Fernan Espinoza 0-0: Ball
1-0: Ball
2-0: Called Strike
2-1: Swinging Strike
2-2: Ball
3-2: Base on Balls
Batting: RHB Bang-xao Li 0-0: Called Strike
Fernan Espinoza is caught stealing 2nd base 2-4
0-1: Ball
1-1: Ball
2-1: Ball
3-1: Base on Balls
Batting: RHB Benigno Bachelay 0-0: Swinging Strike
0-1: Ball
1-1: DOUBLE (Line Drive, 7LM, EV 101.9 MPH)
Bang-xao Li to third
Batting: LHB Rob Litten 0-0: Ball
1-0: Ball
2-0: Ball
3-0: Base on Balls
Batting: RHB Rich Kelley 0-0: Called Strike
0-1: Swinging Strike
0-2: Foul Ball, location: 2F
0-2: Ball
1-2: Ball
2-2: Ball
Wild Pitch!
Bang-xao Li scores
Benigno Bachelay to third
Rob Litten to second
3-2: DOUBLE (Line Drive, 9LS, EV 107.5 MPH)
Benigno Bachelay scores
Rob Litten scores
Batting: RHB Bartolo Cortéz 0-0: Ball
1-0: Called Strike
1-1: Called Strike
1-2: Ground out 4-3 (Groundball, 4, EV 90.0 MPH)
Rich Kelley to third
Batting: SHB Héctor Solís 0-0: Foul Ball, location: 2F
0-1: Foul Ball, location: 2F
0-2: Ball
1-2: Ball
2-2: Ball
3-2: SINGLE (Line Drive, 34, EV 94.4 MPH)
Rich Kelley scores
Batting: RHB Jeffrey Turner 0-0: Ball
1-0: Swinging Strike
1-1: Foul Ball, location: 2F
1-2: Foul Ball, location: 2F
1-2: Ball
2-2: Ball
3-2: Strikes out swinging
Bottom of the 2nd over - 4 runs, 3 hits, 0 errors, 1 left on base; Maine 0 - Northwest Territory 4
TOP OF THE 3RD
Maine Sea Dogs batting - Pitching for Northwest Territory Beavers : LHP Jason Reynolds
Batting: LHB Héctor Ancelno 0-0: Called Strike
0-1: Swinging Strike
0-2: Ball
1-2: Strikes out swinging
Batting: RHB Jesús Bonilla 0-0: Ball
1-0: Foul Ball, location: 2F
1-1: Fly out, F5 (Popup, 25F, EV 78.8 MPH)
Batting: RHB Michael Weber 0-0: Called Strike
0-1: Called Strike
0-2: Ball
1-2: Ball
2-2: Ball
3-2: Base on Balls
Batting: LHB Amani Marwan 0-0: Called Strike
0-1: Called Strike
0-2: Ball
1-2: Strikes out swinging
Top of the 3rd over - 0 runs, 0 hits, 0 errors, 1 left on base; Maine 0 - Northwest Territory 4
BOTTOM OF THE 3RD
Northwest Territory Beavers batting - Pitching for Maine Sea Dogs : RHP Cole Howard
Batting: LHB Mies Lumme 0-0: Called Strike
0-1: Swinging Strike
0-2: Foul Ball, location: 2F
0-2: Ground out 1-3 (Groundball, P, EV 71.2 MPH)
Batting: LHB Fernan Espinoza 0-0: Foul Ball, location: 2F
0-1: Ball
1-1: Ball
2-1: Ball
3-1: Base on Balls
Batting: RHB Bang-xao Li 0-0: Ball
1-0: Ball
2-0: Called Strike
2-1: Swinging Strike
2-2: Ball
3-2: Base on Balls
Fernan Espinoza to second
Batting: RHB Benigno Bachelay 0-0: Called Strike
0-1: Foul Ball, location: 2F
0-2: Foul Ball, location: 2F
0-2: Strikes out looking
Batting: LHB Rob Litten 0-0: Called Strike
0-1: Ball
1-1: SINGLE (Groundball, 3D, EV 98.1 MPH)
Fernan Espinoza to third
Bang-xao Li to second
Runner from 3rd tries for Home, SAFE, no throw by RF
Batting: RHB Rich Kelley 0-0: Ball
1-0: Called Strike
1-1: DOUBLE (Groundball, 5L, EV 106.2 MPH)
Bang-xao Li scores
Rob Litten to third
Pitching: LHP Charlie Turner
Batting: RHB Bartolo Cortéz 0-0: Ball
1-0: Foul Ball, location: 2F
1-1: Ball
2-1: Reached via error on a dropped throw from SS, E3 (Groundball, 6, EV 87.5 MPH)
Rob Litten scores
Rich Kelley to third
Batting: SHB Héctor Solís Pickoff Throw to First - Out! 1-3
Bottom of the 3rd over - 3 runs, 2 hits, 1 error, 1 left on base; Maine 0 - Northwest Territory 7
TOP OF THE 4TH
Maine Sea Dogs batting - Pitching for Northwest Territory Beavers : LHP Jason Reynolds
Batting: RHB Michael Lindsey 0-0: Ball
1-0: Called Strike
1-1: Swinging Strike
1-2: Foul Ball, location: 2F
1-2: Ground out 6-3 (Groundball, 6, EV 97.5 MPH)
Batting: SHB George McMahon 0-0: DOUBLE (Line Drive, 9D, EV 95.6 MPH)
Batting: RHB Max Brown 0-0: Ball
1-0: Ball
2-0: Fly out, F8 (Flyball, 78D, EV 91.9 MPH)
Batting: LHB Juan Sapinoso 0-0: Swinging Strike
0-1: Ball
1-1: Ball
2-1: Fly out, F4 (Popup, 34D, EV 51.2 MPH)
Top of the 4th over - 0 runs, 1 hit, 0 errors, 1 left on base; Maine 0 - Northwest Territory 7
BOTTOM OF THE 4TH
Northwest Territory Beavers batting - Pitching for Maine Sea Dogs : LHP Charlie Turner
Batting: SHB Héctor Solís 0-0: Called Strike
0-1: Ball
1-1: Called Strike
1-2: Ball
2-2: Strikes out swinging
Batting: RHB Jeffrey Turner 0-0: Ball
1-0: Foul Ball, location: 2F
1-1: Ground out 6-3 (Groundball, 6M, EV 84.4 MPH)
Batting: LHB Mies Lumme 0-0: Ball
1-0: Ball
2-0: Called Strike
2-1: Foul Ball, location: 2F
2-2: Ball
3-2: Strikes out looking
Bottom of the 4th over - 0 runs, 0 hits, 0 errors, 0 left on base; Maine 0 - Northwest Territory 7
TOP OF THE 5TH
Maine Sea Dogs batting - Pitching for Northwest Territory Beavers : LHP Jason Reynolds
Batting: RHB Ernest Bonner 0-0: Ball
1-0: Ground out 6-3 (Groundball, 6S, EV 88.8 MPH)
Batting: LHB Héctor Ancelno 0-0: Called Strike
0-1: Foul Ball, location: 2F
0-2: Ball
1-2: Strikes out looking
Batting: RHB Jesús Bonilla 0-0: Foul Ball, location: 2F
0-1: Ball
1-1: Ball
2-1: Foul Ball, location: 2F
2-2: Foul Ball, location: 2F
2-2: Ground out 3-1 (Groundball, 34, EV 85.0 MPH)
Top of the 5th over - 0 runs, 0 hits, 0 errors, 0 left on base; Maine 0 - Northwest Territory 7
BOTTOM OF THE 5TH
Northwest Territory Beavers batting - Pitching for Maine Sea Dogs : LHP Charlie Turner
Batting: LHB Fernan Espinoza 0-0: Ball
1-0: Foul Ball, location: 2F
1-1: Foul Ball, location: 2F
1-2: Foul Ball, location: 2F
1-2: Ball
2-2: Ball
3-2: Foul Ball, location: 2F
3-2: DOUBLE (Line Drive, 78XD, EV 105.6 MPH)
Batting: RHB Bang-xao Li 0-0: Called Strike
0-1: Ball
1-1: Ball
2-1: Foul Ball, location: 2F
2-2: Ball
3-2: Strikes out swinging
Batting: RHB Benigno Bachelay 0-0: Ball
1-0: Ball
2-0: Swinging Strike
2-1: Foul Ball, location: 2F
2-2: Strikes out swinging
Batting: LHB Rob Litten 0-0: Ball
1-0: Ball
2-0: Ball
3-0: Called Strike
3-1: Fly out, F7 (Flyball, 7LSF, EV 93.1 MPH)
Bottom of the 5th over - 0 runs, 1 hit, 0 errors, 1 left on base; Maine 0 - Northwest Territory 7
TOP OF THE 6TH
Maine Sea Dogs batting - Pitching for Northwest Territory Beavers : LHP Jason Reynolds
Batting: RHB Michael Weber 0-0: Ball
1-0: Ball
2-0: Ball
3-0: Called Strike
3-1: Foul Ball, location: 2F
3-2: SINGLE (Groundball, 6MD, EV 95.0 MPH)
Batting: LHB Amani Marwan 0-0: DOUBLE (Flyball, 78XD, EV 108.1 MPH)
Michael Weber to third
Batting: RHB Michael Lindsey 0-0: Foul Ball, location: 2F
0-1: SINGLE (Flyball, 7LS, EV 92.5 MPH)
Michael Weber scores
Amani Marwan to third
Runner from 3rd tries for Home, SAFE, no throw by LF
Batting: SHB George McMahon 0-0: Ball
1-0: Fly out, F7 (Flyball, 7D, EV 85.6 MPH)
Pitching: RHP Júlio Japón
Batting: RHB Max Brown 0-0: Ball
1-0: Grounds into double play, 4-6-3 (Groundball, 4, EV 107.5 MPH)
Top of the 6th over - 2 runs, 3 hits, 0 errors, 0 left on base; Maine 2 - Northwest Territory 7
BOTTOM OF THE 6TH
Northwest Territory Beavers batting - Pitching for Maine Sea Dogs : LHP Charlie Turner
Batting: RHB Rich Kelley 0-0: Ball
1-0: Ball
2-0: Ball
3-0: Base on Balls
Batting: RHB Bartolo Cortéz 0-0: Ball
Rich Kelley steals 2nd base
1-0: Ball
2-0: Called Strike
2-1: Swinging Strike
2-2: Foul Ball, location: 2F
2-2: Strikes out swinging
Pitching: RHP Michael O'Donnell
Batting: SHB Héctor Solís 0-0: Called Strike
0-1: Ball
1-1: Ball
2-1: Called Strike
2-2: Ball
3-2: SINGLE (Groundball, 6MD, EV 97.5 MPH)
Rich Kelley to third
Runner from 3rd tries for Home, SAFE, no throw by CF
Batting: RHB Jeffrey Turner 0-0: Swinging Strike
Héctor Solís is caught stealing 2nd base 2-4
0-1: Foul Ball, location: 2F
0-2: Foul Ball, location: 2F
0-2: Ball
1-2: Strikes out swinging
Bottom of the 6th over - 1 run, 1 hit, 0 errors, 0 left on base; Maine 2 - Northwest Territory 8
TOP OF THE 7TH
Maine Sea Dogs batting - Pitching for Northwest Territory Beavers : RHP Júlio Japón
Batting: LHB Juan Sapinoso 0-0: Called Strike
0-1: Swinging Strike
0-2: Ball
1-2: Foul Ball, location: 2F
1-2: Ball
2-2: Foul Ball, location: 2F
2-2: Foul Ball, location: 2F
2-2: Strikes out swinging
Batting: RHB Ernest Bonner 0-0: Ball
1-0: Swinging Strike
1-1: Fly out, F8 (Flyball, 8RS, EV 90.6 MPH)
Batting: LHB Héctor Ancelno 0-0: Foul Ball, location: 2F
0-1: Foul Ball, location: 2F
0-2: Strikes out looking
Top of the 7th over - 0 runs, 0 hits, 0 errors, 0 left on base; Maine 2 - Northwest Territory 8
BOTTOM OF THE 7TH
Northwest Territory Beavers batting - Pitching for Maine Sea Dogs : RHP Michael O'Donnell
Batting: LHB Mies Lumme 0-0: Ball
1-0: Foul Ball, location: 2F
1-1: Called Strike
1-2: Strikes out swinging
Batting: LHB Fernan Espinoza 0-0: Foul Ball, location: 2F
0-1: Ball
1-1: Called Strike
1-2: Ball
2-2: Foul Ball, location: 2F
2-2: Ball
3-2: Base on Balls
Batting: RHB Bang-xao Li 0-0: Called Strike
0-1: Foul Ball, location: 2F
0-2: Strikes out looking
Batting: RHB Benigno Bachelay 0-0: Ball
1-0: Ball
2-0: SINGLE (Line Drive, 78S, EV 110.6 MPH)
Fernan Espinoza to second
Runner from 2nd tries for 3rd, OUT! 7-5
Bottom of the 7th over - 0 runs, 1 hit, 0 errors, 1 left on base; Maine 2 - Northwest Territory 8
TOP OF THE 8TH
Maine Sea Dogs batting - Pitching for Northwest Territory Beavers : RHP Júlio Japón
Batting: RHB Jesús Bonilla 0-0: Ball
1-0: Ball
2-0: Called Strike
2-1: Fly out, F9 (Flyball, 9D, EV 93.8 MPH)
Batting: RHB Michael Weber 0-0: Foul Ball, location: 2F
0-1: Swinging Strike
0-2: Strikes out swinging
Batting: LHB Amani Marwan 0-0: Called Strike
0-1: Called Strike
0-2: Fly out, F5 (Popup, 5F, EV 72.5 MPH)
Top of the 8th over - 0 runs, 0 hits, 0 errors, 0 left on base; Maine 2 - Northwest Territory 8
BOTTOM OF THE 8TH
Northwest Territory Beavers batting - Pitching for Maine Sea Dogs : RHP Michael O'Donnell
Batting: LHB Rob Litten 0-0: Ball
1-0: DOUBLE (Line Drive, 8LD, EV 101.9 MPH)
Batting: RHB Rich Kelley 0-0: Ball
1-0: Ball
2-0: Foul Ball, location: 2F
2-1: Ground out 6-3 (Groundball, 6, EV 104.4 MPH)
Batting: RHB Bartolo Cortéz 0-0: Ball
1-0: Ball
2-0: Called Strike
2-1: Fly out, F9 (Flyball, 89D, EV 75.6 MPH)
Runner from 2nd tags up, SAFE at 3rd, no throw by RF
Batting: SHB Héctor Solís 0-0: Called Strike
0-1: Foul Ball, location: 2F
0-2: Ball
1-2: Foul Ball, location: 2F
1-2: Foul Ball, location: 2F
1-2: Foul Ball, location: 2F
1-2: Foul Ball, location: 2F
1-2: Ball
2-2: Ball
3-2: Ground out 6-3 (Groundball, 6, EV 90.6 MPH)
Bottom of the 8th over - 0 runs, 1 hit, 0 errors, 1 left on base; Maine 2 - Northwest Territory 8
TOP OF THE 9TH
Maine Sea Dogs batting - Pitching for Northwest Territory Beavers : RHP Júlio Japón
Batting: RHB Michael Lindsey 0-0: Called Strike
0-1: Swinging Strike
0-2: Ball
1-2: Strikes out swinging
Batting: SHB George McMahon 0-0: Ball
1-0: Foul Ball, location: 2F
1-1: Ball
2-1: Foul Ball, location: 2F
2-2: Ball
3-2: SINGLE (Groundball, 34D, EV 106.9 MPH)
Batting: RHB Max Brown 0-0: Ball
1-0: Ball
2-0: Ball
3-0: Called Strike
3-1: Swinging Strike
3-2: Base on Balls
George McMahon to second
Batting: LHB Juan Sapinoso 0-0: DOUBLE (Line Drive, 9LM, EV 95.0 MPH)
George McMahon scores
Max Brown to third
Batting: RHB Ernest Bonner 0-0: Called Strike
0-1: Ball
1-1: Fly out, F9 (Flyball, 9S, EV 93.1 MPH)
Batting: LHB Héctor Ancelno 0-0: Ball
1-0: Fly out, F8 (Line Drive, 8LD, EV 95.0 MPH)
Top of the 9th over - 1 run, 2 hits, 0 errors, 2 left on base; Maine 3 - Northwest Territory 8
Tuesday, January 5th, 2021 - OOTP Baseball 20.8 Build 74